Map: 赛博森林-天梯版

Players

eGGz

  • Race: Zerg Zerg

GogojOey - Winner!

  • Race: Zerg Zerg

Event: WESG 2018 Grand Finals

VOD

Have the link to the VOD?

Description

Time

  • Played on: March 12, 2019, 3:05 a.m.
  • Length: 12:43

All games in this series

Show
View Real Time Build Order
Export as new Build Order

eGGz Zerg 

Build Orders: Pool First 

Get SALT Encoding   

  12  0:17  Spawning Pool  
  11  0:22  Drone  
  11  0:26  Drone  
  13  0:33  Drone  
  14  0:39  Overlord  
  14  1:04  Zergling x4  
  14  1:05  Zergling x2  
  14  1:06  Queen  
  19  1:16  Zergling x2  
  20  1:24  Extractor  
  19  1:26  Zergling x2  
  20  1:36  Hatchery  
  20  1:39  Zergling x2  
  20  1:51  Drone  
  21  1:59  Drone  
  22  2:19  Overlord  
  21  2:28  Metabolic Boost  
  17  2:30  Zergling x6  
  20  2:37  Zergling x2  
  21  2:48  Zergling x2  
  21  3:00  Zergling x2  
  21  3:04  Zergling x4  
  25  3:05  Zergling x2  
  25  3:08  Queen  
  25  3:09  Drone x2  
  25  3:11  Drone  
  30  3:16  Zergling x2  
  31  3:24  Drone x2  
  33  3:32  Drone x2  
  36  3:41  Drone  
  36  3:42  Overlord  
  36  3:54  Drone  
  36  3:55  Drone  
  36  3:56  Overlord  
  36  3:59  Spine Crawler  
  36  4:01  Zergling x2  
  36  4:02  Zergling x2  
  36  4:08  Zergling x4  
  38  4:16  Zergling x4  
  40  4:17  Evolution Chamber  
  39  4:24  Zergling x6  
  37  4:36  Drone x5  
  41  4:39  Drone  
  42  4:47  Zerg Missile Weapons Level 1  
  42  4:51  Drone x2  
  43  5:00  Drone x2  
  43  5:02  Drone x3  
  44  5:14  Drone  
  44  5:15  Drone  
  44  5:20  Drone  
  40  5:22  Drone  
  40  5:24  Extractor  
  40  5:25  Extractor  
  40  5:27  Roach Warren  
  38  5:30  Zergling x4  
  38  5:33  Lair  
  40  5:40  Zergling x4  
  42  5:45  Evolution Chamber  
  42  5:47  Drone x2  
  43  5:53  Queen  
  43  5:57  Overlord  
  46  6:06  Drone x2  
  46  6:07  Drone x2  
  46  6:10  Overlord  
  50  6:13  Roach  
  50  6:14  Roach  
  49  6:24  Roach  
  49  6:25  Roach  
  53  6:31  Hatchery, Glial Reconstitution  
  52  6:34  Roach x4  
  60  6:43  Roach x2  
  64  6:49  Extractor  
  64  6:51  Roach  
  65  6:54  Roach  
  67  7:04  Overlord  
  67  7:10  Overlord  
  67  7:13  Overlord, Drone  
  67  7:15  Zerg Missile Weapons Level 2  
  68  7:17  Overseer, Evolution Chamber  
  67  7:24  Roach x4  
  67  7:29  Roach  
  79  7:30  Roach  
  79  7:34  Roach  
  81  7:42  Roach x3  
  87  7:46  Roach x3  
  87  7:47  Roach x2  
  87  7:50  Drone  
  98  7:58  Overlord  
  98  8:03  Spire  
  98  8:04  Overlord  
  97  8:18  Roach x2  
  97  8:19  Roach x3  
  99  8:30  Roach x3  
  99  8:31  Roach  
  83  8:47  Roach x4  
  83  8:48  Roach x2  
  93  8:51  Drone x2  
  93  8:53  Drone  
  96  8:58  Ravager  
  96  8:59  Ravager  
  96  9:00  Drone x2  
  100  9:12  Roach  
  100  9:13  Roach x3  
  108  9:24  Roach x4  
  82  9:33  Roach  
  82  9:34  Roach x3  
  82  9:36  Roach  
  81  9:45  Mutalisk x2  
  75  9:47  Drone x3  
  75  9:48  Drone  
  83  9:56  Mutalisk x2  
  83  9:59  Roach  
  87  10:05  Extractor  
  87  10:06  Extractor  
  87  10:07  Roach x3  
  91  10:14  Roach  
  91  10:15  Roach x2  
  97  10:29  Drone  
  97  10:30  Drone x3, Mutalisk x2  
  105  10:38  Overlord  
  105  10:39  Overlord  
  105  10:42  Overlord  
  105  10:58  Roach x4  
  105  10:59  Roach x2  
  117  11:07  Roach x4  
  117  11:11  Roach  
  82  11:23  Roach x2  
  71  11:32  Roach x2  
  74  11:37  Roach x2  
  64  11:41  Roach  
  64  11:45  Roach  
  60  11:48  Roach  
  56  11:57  Roach x3  
  49  12:10  Roach x3  
  51  12:16  Mutalisk x2  
  51  12:23  Roach  
Show
View Real Time Build Order
Export as new Build Order

GogojOey Zerg - Winner!

Build Orders: Hatch First 

Get SALT Encoding   

  12  0:00  Drone  
  13  0:13  Overlord  
  13  0:16  Drone  
  14  0:31  Drone  
  14  0:32  Drone  
  14  0:35  Drone  
  17  0:52  Hatchery  
  17  0:55  Drone  
  17  0:58  Drone  
  18  1:09  Extractor  
  17  1:13  Spawning Pool  
  17  1:16  Drone  
  17  1:19  Drone  
  18  1:28  Drone  
  19  2:00  Zergling x4  
  19  2:01  Zergling x2  
  22  2:03  Queen  
  22  2:04  Queen, Zergling x2  
  27  2:13  Zergling x2  
  27  2:25  Drone x2  
  27  2:26  Drone  
  28  2:35  Metabolic Boost  
  28  2:53  Overlord  
  27  3:03  Zergling x4  
  28  3:07  Spine Crawler  
  28  3:10  Zergling x2  
  28  3:13  Zergling x4  
  28  3:14  Zergling x4  
  32  3:21  Zergling x6  
  32  3:24  Drone  
  36  3:36  Baneling Nest  
  34  3:42  Overlord  
  33  3:49  Drone x2  
  35  4:04  Evolution Chamber  
  35  4:06  Evolution Chamber  
  35  4:09  Drone x2  
  36  4:12  Drone x3  
  36  4:15  Drone  
  40  4:17  Drone  
  40  4:20  Drone  
  42  4:27  Overlord  
  38  4:35  Zergling x4  
  34  4:39  Zerg Missile Weapons Level 1  
  33  4:46  Roach Warren  
  33  4:49  Zergling x4  
  34  4:54  Baneling x2  
  34  4:55  Drone x2  
  34  4:56  Drone  
  34  4:58  Drone  
  38  5:02  Drone  
  38  5:04  Baneling x2  
  39  5:09  Overlord  
  38  5:15  Zergling x6  
  38  5:19  Drone x2  
  39  5:24  Drone  
  39  5:28  Drone x3  
  43  5:37  Drone x3  
  43  5:40  Extractor  
  43  5:41  Drone, Extractor  
  43  5:42  Drone  
  46  5:49  Drone  
  46  5:52  Lair  
  46  5:55  Drone x2  
  47  6:04  Drone x3  
  47  6:05  Drone x3  
  52  6:14  Zergling x2  
  51  6:24  Overlord  
  51  6:25  Overlord  
  51  6:26  Roach  
  51  6:29  Roach  
  55  6:34  Hatchery  
  55  6:36  Roach x2  
  58  6:42  Queen  
  58  6:45  Roach x2  
  64  6:52  Glial Reconstitution  
  64  6:56  Zerg Missile Weapons Level 2  
  64  7:00  Roach, Drone x3  
  69  7:06  Roach x2  
  69  7:08  Drone x2  
  75  7:13  Roach  
  75  7:15  Overlord  
  76  7:17  Overlord  
  76  7:26  Overlord  
  76  7:30  Overlord  
  76  7:36  Roach  
  76  7:37  Roach x4  
  88  7:44  Roach x2  
  88  7:50  Drone x3  
  93  7:59  Roach x2  
  93  8:01  Roach  
  99  8:06  Roach x5  
  99  8:07  Roach  
  99  8:11  Roach  
  99  8:12  Queen  
  112  8:15  Roach  
  112  8:19  Roach  
  114  8:26  Roach x2  
  113  8:27  Overlord  
  113  8:29  Roach x3  
  103  8:34  Roach x3  
  103  8:37  Roach  
  103  8:39  Roach  
  113  8:44  Overlord x2  
  113  8:49  Roach x2  
  113  8:50  Roach  
  113  8:52  Roach  
  121  9:00  Overlord  
  121  9:01  Ravager  
  122  9:04  Extractor  
  122  9:05  Roach x2  
  125  9:10  Roach  
  127  9:20  Roach  
  127  9:21  Roach x2  
  105  9:25  Roach x2, Zergling x4  
  105  9:28  Roach, Zergling x4  
  105  9:34  Roach x2, Zergling x8  
  105  9:35  Zergling x2  
  105  9:38  Roach  
  102  9:42  Roach x2  
  102  9:44  Roach  
  102  9:45  Roach  
  104  9:51  Roach x2  
  101  9:54  Roach  
  101  9:55  Roach  
  101  9:56  Drone  
  100  10:02  Drone x6  
  100  10:06  Roach  
  106  10:09  Roach x2  
  110  10:15  Zerg Ground Armor Level 1  
  110  10:17  Roach  
  110  10:18  Extractor  
  110  10:21  Roach  
  113  10:29  Roach x2  
  113  10:30  Roach x2  
  113  10:34  Roach x2  
  125  10:37  Roach  
  125  10:41  Roach x2  
  131  10:44  Roach  
  131  10:46  Roach  
  131  10:49  Overlord  
  135  10:50  Overseer  
  135  10:52  Roach x2  
  135  10:55  Roach  
  141  10:57  Roach x2  
  141  11:02  Overlord  
  142  11:08  Roach  
  142  11:09  Roach x3  
  126  11:22  Queen x2  
  126  11:23  Queen  
  124  11:26  Roach x2  
  126  11:39  Roach x2  
  125  11:40  Roach x4, Zergling x2  
  115  11:59  Zergling x6  
  115  12:01  Queen x2  
  106  12:02  Hydralisk Den  
  106  12:03  Queen  
Tags
 
Add a new tag
Caveats
  • Supply blocks, unpowered buildings, or Contaminate may cause inaccurate times.
  • Supply counts are checked every 10 seconds.